 Dungeon Crawl Stone Soup version 0.29.1-15-g9cfb28693d (webtiles) character file.

Game seed: 9224318839631938092

259 Gumption the Chopper (level 5, -3/47 HPs)
             Began as a Minotaur Berserker on Mar 20, 2023.
             Was a Believer of Trog.
             Slain by a gnoll
             ... wielding a +1 whip of venom
              (9 damage)
             ... on level 4 of the Dungeon.
             The game lasted 00:20:47 (3524 turns).

Gumption the Chopper (Minotaur Berserker)           Turns: 3524, Time: 00:20:47

Health: -3/47      AC:  4    Str: 24    XL:     5   Next: 94%
Magic:  4/4        EV: 10    Int:  4    God:    Trog [**....]
Gold:   115        SH:  7    Dex:  9    Spells: 4/4 levels left

rFire   + . .      SeeInvis .   a - +0 hand axe
rCold   + . .      Faith    .   e - +0 kite shield
rNeg    . . .      Spirit   .   d - +0 leather armour
rPois   .          Reflect  .   (helmet restricted)
rElec   .          Harm     .   o - +0 cloak
rCorr   .          Rampage  .   (no gloves)
Will    .....                   (no boots)
Stlth   +.........              (no amulet)
HPRegen 0.15/turn               g - ring of protection from cold
MPRegen 0.09/turn               j - ring of protection from fire

@: no status effects
A: horns 2, retaliatory headbutt
a: Renounce Religion, Berserk, Trog's Hand


You were on level 4 of the Dungeon.
You worshipped Trog.
Trog was pleased with you.
You visited 1 branch of the dungeon, and saw 4 of its levels.

You collected 115 gold pieces.

Inventory:

Hand Weapons
 a - a +0 hand axe (weapon)
Missiles
 n - 3 boomerangs (quivered)
Armour
 d - a +0 leather armour (worn)
 e - a +0 kite shield (worn)
 o - a +0 cloak (worn)
Jewellery
 g - a ring of protection from cold (left hand)
 j - a ring of protection from fire (right hand)
Scrolls
 b - a scroll of enchant weapon {unknown}
 f - a scroll of fear {unknown}
 k - 2 scrolls of teleportation
 p - a scroll of blinking {unknown}
 r - a scroll of identify
Potions
 i - a potion of flight
 l - 4 potions of curing
 m - 2 potions of might


   Skills:
 + Level 4.9 Fighting
 * Level 5.9 Axes
 + Level 4.0 Armour
 - Level 2.1 Dodging
 * Level 2.4 Shields


You had 4 spell levels left.
You didn't know any spells.
Your spell library was empty.

Dungeon Overview and Level Annotations

Branches:
Dungeon (4/15)
 Temple: D:4-7

Altars:
Nemelex Xobeh
Qazlal
Yredelemnul


Innate Abilities, Weirdness & Mutations

You have a pair of horns on your head.
You reflexively headbutt those who attack you in melee.


Message History

HP restored.
There is an open door here.
You open the door.
Found a stone staircase leading up.
Found an escape hatch in the ceiling.
There is an open door here.
There is an escape hatch in the ceiling here.
A mysterious force pulls you upwards. The hatch slams shut behind you.
There is a stone staircase leading down here.
You climb downwards.
The gnoll shouts!
The gnoll closely misses you. You block the gnoll's attack.
Found 17 gold pieces and a ring mail.
There is a stone staircase leading up here.
The gnoll hits you with a +0 spear.
The gnoll hits you from afar with a +0 spear!
You closely miss the gnoll. Your headbutt misses the gnoll.
You closely miss the gnoll. You completely miss the gnoll.
The gnoll hits you but does no damage. You block the gnoll's attack.
The gnoll barely misses you. The gnoll hits you with a +0 flail!
You closely miss the gnoll. You hit the gnoll.
You hit the gnoll but do no damage. You block the gnoll's attack.
The gnoll hits you from afar with a +0 spear.
The gnoll barely misses you. The gnoll hits you with a +0 flail.
You barely miss the gnoll. You hit the gnoll. x2
The gnoll hits you with a +0 spear. You block the gnoll's attack.
The gnoll hits you with a +1 whip of venom.
The gnoll closely misses you.
You hit the gnoll.
The gnoll is lightly wounded.
You hit the gnoll but do no damage. You barely miss the gnoll.
The gnoll hits you with a +0 spear.
* * * LOW HITPOINT WARNING * * *
You block the gnoll's attack. The gnoll closely misses you.
You furiously retaliate!
You headbutt the gnoll. You block the gnoll's attack.
The gnoll hits you but does no damage. The gnoll barely misses you.
The gnoll hits you from afar with a +0 spear!
* * * LOW HITPOINT WARNING * * *
The gnoll hits you with a +1 whip of venom!
You die...

.###
##..###........
.#
....#.......#
##
##..#.....$.#
..#.......
#...... #.[..#
#..$.# #..<.#
#g.@.# #.ggg#
#....# #....#
#....# ######


You could see 4 gnolls.

Vanquished Creatures
  An ogre (D:4)
  An orc priest (D:3)
  5 adders
  3 worms
  5 dart slugs
  5 orcs (D:3)
  2 ball pythons
  10 endoplasms
  2 giant cockroaches
  5 goblins
  6 hobgoblins
  3 jackals (D:3)
  6 kobolds
  6 quokkas
  6 bats
  3 frilled lizards
  4 rats
73 creatures vanquished.

Notes
Turn   | Place    | Note
-------+----------+-------------------------------------------
     0 | D:1      | Gumption the Minotaur Berserker began the quest for the
                  | Orb.
     0 | D:1      | Reached XP level 1. HP: 19/19 MP: 0/0
   109 | D:1      | Reached skill level 4 in Axes
   111 | D:1      | Reached XP level 2. HP: 19/27 MP: 1/1
   565 | D:1      | Reached XP level 3. HP: 33/33 MP: 2/2
   925 | D:2      | Reached ** piety under Trog
  1042 | D:2      | Found a faded altar of an unknown god.
  1185 | D:2      | Found a stormy altar of Qazlal.
  1266 | D:2      | Reached skill level 5 in Axes
  1266 | D:2      | Reached XP level 4. HP: 36/41 MP: 3/3
  1972 | D:3      | Reached skill level 1 in Shields
  1972 | D:3      | Reached XP level 5. HP: 18/47 MP: 4/4
  2746 | D:3      | Found a basalt altar of Yredelemnul.
  2746 | D:3      | Found a stormy altar of Qazlal.
  2753 | D:3      | Found a faded altar of an unknown god.
  2755 | D:3      | Found a faded altar of an unknown god.
  2757 | D:3      | Found a sparkling altar of Nemelex Xobeh.
  3086 | D:4      | Noticed an ogre
  3103 | D:4      | Killed an ogre
  3524 | D:4      | Slain by a gnoll

Illustrated notes

Levels and vault maps discovered:
D:1:      nzn_arrival_settlement, layout_loops_ring, nicolae_wormholes
D:2:      layout_rooms, basic_altar, shapermc_ecumenical_altar_mp_urbaneastern,
          minivault_24
D:3:      layout_loops_ring, chequers_temple_overflow_minitemple
D:4:      layout_gridville, minmay_quantized

Skill      XL: |  1  2  3  4  5 |
---------------+----------------+-----
Axes           | 4 5 |  5.9
Fighting       | 4 |  4.9
Armour         | 3 4 |  4.0
Shields        | 1 2 |  2.4
Dodging        | |  2.1

Action                   |  1- 3 |  4- 6 || total
-------------------------+-------+-------++-------
Melee: Hand axe          |    70 |    96 ||   166
       Headbutt          |    14 |    11 ||    25
Throw: Boomerang         |     2 |       ||     2
Invok: Berserk           |       |     2 ||     2
  Use: Scroll            |       |     7 ||     7
Armor: Leather armour    |    19 |    18 ||    37
Dodge: Dodged            |    39 |    51 ||    90
Block: Kite shield       |       |    19 ||    19
